AoeStats
← 2EZ.Rolo

Arena

508276570Analyzed
4v4 RM · 9d ago on Sep 21, 2026· 46m 9s· 8 players
Game mode
Random Map
Map size
Large (8 player)
Population
200
Speed
Normal
Resources
Standard
Victory
Conquest
Starting age
Dark Age
Ending age
Imperial Age
RankedLock teamsTeams togetherTeam positionsShared explorationLock speedFull tech treeHidden civsTurbo modeCheats
Victory
Defeat
🇷🇺 Khmer · Russia
1769
+8
🇷🇺 Saracens · Russia
1748
+9
🇦🇲 Wu · Armenia
1664
+12
🇷🇺 Celts · Russia
1206
+29
🇭🇺 Cumans · Hungary
1737
-21
🇭🇺 Slavs · Hungary
1630
-17
🇭🇺 Teutons · Hungary
1558
-14
🇭🇺 Spanish · Hungary
1331
-21
trombi
8:32 Feudal Age
8:43 Loom
9:02 Double-Bit Axe
8:59 Horse Collar
20:27 Castle Age
18:35 Fletching
22:02 Bow Saw
21:52 Heavy Plow
31:25 Wheelbarrow
32:26 Hand Cart
36:21 Imperial Age
33:41 Pikeman
34:21 Squires
34:28 Scale Mail Armor
34:48 Gold Mining
34:49 Stone Mining
34:56 Gambesons
34:56 Arson
36:22 Fortified Wall
37:09 Chain Mail Armor
36:26 Halberdier
38:14 Chemistry
37:49 Conscription
36:53 Halberdier
37:57 Forging
38:24 Plate Mail Armor
38:25 Inquisition
38:47 Supremacy
39:43 Iron Casting
40:08 Bodkin Arrow
40:23 Town Watch
43:23 Blast Furnace
43:16 Masonry
erika
11:15 Feudal Age
16:57 Castle Age
15:44 Horse Collar
16:12 Double-Bit Axe
17:17 Fletching
19:48 Gold Mining
20:37 Bodkin Arrow
25:57 Bow Saw
27:12 Heavy Plow
30:24 Wheelbarrow
32:57 Imperial Age
31:02 Scale Mail Armor
31:13 Forging
32:50 Chain Mail Armor
33:15 Squires
33:01 Gambesons
34:05 Iron Casting
34:37 Elite Teutonic Knight
2ez Scipi
11:08 Feudal Age
15:14 Castle Age
13:43 Double-Bit Axe
15:16 Gold Mining
15:49 Bloodlines
18:03 Scale Barding Armor
21:21 Horse Collar
24:26 Husbandry
25:16 Chain Barding Armor
25:50 Loom
27:58 Wheelbarrow
33:26 Imperial Age
31:59 Forging
32:21 Pikeman
33:02 Squires
33:02 Scale Mail Armor
33:38 Iron Casting
33:24 Stone Mining
33:27 Town Watch
33:30 Onager
33:54 Halberdier
35:47 Siege Onager
38:18 Chemistry
39:28 Bow Saw
40:00 Siege Engineers
41:25 Chain Mail Armor
41:49 Conscription
43:09 Plate Mail Armor
43:01 Light Cavalry
44:01 Heavy Plow
44:08 Man-at-Arms
45:50 Blast Furnace
45:03 Long Swordsman
2EZ.Rolo
6:20 Loom
8:49 Feudal Age
9:49 Double-Bit Axe
10:43 Horse Collar
14:47 Wheelbarrow
16:59 Loom
19:38 Castle Age
19:13 Scale Barding Armor
19:17 Gold Mining
20:11 Bloodlines
23:51 Forging
24:53 Chain Barding Armor
26:50 Iron Casting
28:58 Gold Shaft Mining
31:41 Imperial Age
29:19 Stone Mining
31:26 Fletching
31:36 Padded Archer Armor
32:01 Bow Saw
31:52 Heavy Plow
32:46 Conscription
32:22 Bodkin Arrow
32:33 Light Cavalry
33:45 Leather Archer Armor
34:44 Two-Man Saw
34:28 Plate Barding Armor
34:54 Blast Furnace
35:05 Chemistry
33:40 Hussar
34:55 Elite Kipchak
36:45 Ring Archer Armor
36:21 Thumb Ring
36:42 Parthian Tactics
36:38 Ballistics
37:00 Cuman Mercenaries
37:02 Steppe Husbandry
37:08 Capped Ram
39:52 Siege Ram
41:33 Crop Rotation
roman.gringo
10:42 Feudal Age
11:29 Loom
16:01 Castle Age
17:42 Wheelbarrow
27:27 Horse Collar
27:36 Double-Bit Axe
29:14 Wheelbarrow
28:27 Town Watch
32:21 Gold Mining
33:01 Scale Mail Armor
33:12 Forging
34:13 Bow Saw
33:33 Pikeman
34:31 Chain Mail Armor
35:57 Gold Shaft Mining
36:46 Hand Cart
40:40 Imperial Age
39:52 Ballistics
42:39 Chemistry
41:45 Siege Engineers
41:15 Heavy Scorpion
42:09 Halberdier
43:21 Plate Mail Armor
43:27 Iron Casting
SMY
11:05 Feudal Age
9:26 Loom
11:12 Feudal Age
14:27 Castle Age
12:15 Double-Bit Axe
12:12 Horse Collar
14:29 Light Cavalry
15:35 Bow Saw
20:09 Husbandry
24:11 Wheelbarrow
25:13 Bloodlines
25:56 Scale Barding Armor
26:00 Gold Mining
27:43 Gold Shaft Mining
27:40 Scale Mail Armor
28:51 Chain Barding Armor
29:17 Forging
32:46 Imperial Age
30:52 Hand Cart
30:23 Loom
30:24 Town Watch
30:41 Heavy Plow
31:25 Iron Casting
32:30 Stone Mining
32:38 Fletching
34:11 Plate Barding Armor
33:37 Tusk Swords
34:25 Conscription
35:26 Blast Furnace
35:20 Crop Rotation
34:39 Elite Battle Elephant
36:09 Masonry
36:20 Ballistics
37:00 Chemistry
36:05 Siege Engineers
36:42 Ballistics
37:23 Chemistry
38:05 Coinage
37:45 Bodkin Arrow
39:18 Architecture
38:44 Murder Holes
47:15 Stone Shaft Mining
SHell | ANDÃO
8:07 Loom
10:32 Feudal Age
15:01 Castle Age
13:41 Double-Bit Axe
14:51 Fletching
17:40 Bow Saw
18:35 Gold Mining
20:31 Bodkin Arrow
24:44 Red Cliffs Tactics
27:46 Padded Archer Armor
29:48 Wheelbarrow
28:59 Town Watch
29:17 Horse Collar
34:21 Ballistics
37:15 Gold Shaft Mining
39:40 Imperial Age
39:21 Hand Cart
39:53 Stone Mining
40:21 Bracer
39:42 Elite Fire Archer
41:27 Chemistry
40:57 Scale Mail Armor
41:26 Forging
41:56 Stone Shaft Mining
41:56 Squires
42:08 Heavy Plow
43:06 Conscription
43:15 Chain Mail Armor
43:35 Town Patrol
44:51 Plate Mail Armor
44:58 Iron Casting
SalzZ_WaRRioR
10:43 Feudal Age
14:23 Castle Age
12:21 Double-Bit Axe
12:17 Horse Collar
16:09 Bow Saw
19:52 Wheelbarrow
22:28 Hand Cart
27:16 Imperial Age
25:14 Heavy Plow
25:14 Stone Mining
25:48 Scale Barding Armor
25:43 Loom
26:06 Gold Mining
27:46 Chain Barding Armor
28:26 Conscription
28:18 Forging
29:14 Plate Barding Armor
28:38 Elite Mameluke
29:22 Husbandry
29:37 Bloodlines
30:39 Two-Man Saw
30:19 Iron Casting
31:09 Capped Ram
33:10 Siege Ram
38:41 Blast Furnace
42:46 Chemistry
41:09 Onager
41:47 Fletching
44:04 Masonry
43:19 Siege Onager
45:47 Siege Engineers
Connection lost

Rejoining the realm…

Still unreachable

The connection could not be restored.

Session expired

The server has moved on; the page needs a fresh start.